 Dungeon Crawl Stone Soup version 0.30.1-3-gfc49f6343a (webtiles) character file.

Game seed: 5182367516777479616

98 Descartes the Grasshopper (level 5, 0/38 HPs)
             Began as a Formicid Warper on July 30, 2023.
             Killed from afar by a white imp (11 damage)
             ... with a puff of frost
             ... on level 3 of the Dungeon.
             The game lasted 00:02:59 (2258 turns).

Descartes the Grasshopper (Formicid Warper)         Turns: 2258, Time: 00:03:00

Health: 0/38       AC:  6    Str: 18    XL:     5   Next: 0%
Magic:  8/8        EV:  6    Int: 12    God:
Gold:   101        SH: 12    Dex: 13    Spells: 8/8 levels left

rFire   . . .        m - +2 whip (freeze)
rCold   . . .        l - +0 tower shield
rNeg    . . .        p - +0 scale mail
rPois   .            (helmet unavailable)
rElec   .            (no cloak)
rCorr   .            (no gloves)
SInv    +            (no boots)
Will    .....        (no amulet) Stlth
                     (no ring)
HPRegen 0.26/turn    (no ring)
MPRegen 0.11/turn

%: no passive effects
@: no status effects
A: permanent stasis, dig shafts and tunnels, antennae 3, four strong arms
a: Dig, Shaft Self


You were on level 3 of the Dungeon.
You visited 1 branch of the dungeon, and saw 3 of its levels.

You collected 101 gold pieces.

Inventory:

Hand Weapons
 a - a +0 hand axe
 m - a +2 whip of freezing (weapon)
Missiles
 d - 7 boomerangs of dispersal (quivered)
Armour
 f - a +0 ring mail
 l - a +0 tower shield (worn)
 p - a +0 scale mail (worn)
Scrolls
 b - 2 scrolls of identify {unknown}
 c - a scroll of blinking
 e - 2 scrolls of fear {unknown}
 g - 3 scrolls of teleportation {unknown}
Potions
 h - a potion of magic {unknown}
 i - 2 potions of curing {unknown}
 j - 2 potions of heal wounds {unknown}
 k - a potion of brilliance {unknown}
 n - a potion of cancellation {unknown}
 o - a potion of attraction {unknown}


   Skills:
 - Level 2.1 Fighting
 + Level 2.8(2.9) Axes
 + Level 0.2(1.7) Maces & Flails
 - Level 1.0 Throwing
 + Level 2.5 Armour
 - Level 1.7 Dodging
 * Level 2.2 Shields
 - Level 2.1 Spellcasting
 + Level 3.3 Translocations


You had 8 spell levels left.
You didn't know any spells.
Your spell library contained the following spells:

 Spells                   Type           Power      Damage    Failure   Level
 Lesser Beckoning         Tloc           18%        N/A       97%         2
 Teleport Other           Tloc           9%         N/A       100%        3
 Manifold Assault         Tloc           9%         N/A       100%        4
 Blink                    Tloc           Unusable   N/A       N/A         2
 Vhi's Electric Charge    Tloc/Air       Unusable   N/A       N/A         3

Dungeon Overview and Level Annotations

Branches:
Dungeon (3/15)

Altars:


Innate Abilities, Weirdness & Mutations

You cannot be hasted, slowed, berserked, paralysed or teleported.
You can dig through walls and to a lower floor.
You have a pair of large antennae on your head. (SInv)
Your four strong arms can wield two-handed weapons with a shield.


Message History

The puff of frost hits you. The hobgoblin barely misses you.
You hit the white imp.
The white imp is lightly wounded.
The white imp hits you. The white imp freezes you. The hobgoblin hits you.
You block the white imp's attack. The hobgoblin hits you.
You are too injured to fight recklessly!
You are too injured to fight recklessly!
You are too injured to fight recklessly!
You are too injured to fight recklessly!
You are too injured to fight recklessly!
You are too injured to fight recklessly!
You are too injured to fight recklessly!
You are too injured to fight recklessly!
You are too injured to fight recklessly!
You are too injured to fight recklessly!
You are too injured to fight recklessly!
You are too injured to fight recklessly!
You are too injured to fight recklessly!
You are too injured to fight recklessly!
You are too injured to fight recklessly!
You are too injured to fight recklessly!
Unknown command.
The white imp attacks as you move away! You block the white imp's attack.
You hit the white imp.
The white imp is moderately wounded.
The white imp gestures at you. You block the puff of frost.
You hit the white imp.
The white imp is almost dead.
You block the white imp's attack.
You barely miss the white imp.
The white imp is almost dead.
The white imp hits you. The white imp freezes you.
* * * LOW HITPOINT WARNING * * *
You block the white imp's attack.
You hit the white imp but do no damage.
The white imp is almost dead.
The white imp gestures at you. The puff of frost hits you!
You die...

#..###
#....#
#.....
#....#
#....#
#....#
#..gK#
#.>#5# #.^
#@### #..
#...# #.
#.#.######
#
#........#
##.#####..#
{ #.# #.###
#...#
#...#######


You could see a white imp, a hobgoblin and a kobold.

Vanquished Creatures
  4 gnolls
  An adder (D:3)
  A dart slug (D:1)
  3 ball pythons (D:2)
  6 endoplasms
  2 giant cockroaches (D:2)
  4 goblins
  3 hobgoblins (D:2)
  2 jackals (D:2)
  4 kobolds
  A quokka (D:1)
  6 bats
  3 frilled lizards
  5 rats (D:1)
45 creatures vanquished.

Notes
Turn   | Place    | Note
-------+----------+-------------------------------------------
     0 | D:1      | Descartes the Formicid Warper began the quest for the Orb.
     0 | D:1      | Reached XP level 1. HP: 16/16 MP: 3/3
   169 | D:1      | Reached XP level 2. HP: 16/22 MP: 5/5
   435 | D:1      | Reached skill level 3 in Translocations
   614 | D:1      | Reached XP level 3. HP: 27/27 MP: 6/6
  1256 | D:1      | Reached skill level 1 in Shields
  1256 | D:1      | Reached XP level 4. HP: 6/33 MP: 7/7
  2173 | D:3      | Reached XP level 5. HP: 22/38 MP: 8/8
  2258 | D:3      | Killed from afar by a white imp

Illustrated notes

Levels and vault maps discovered:
D:1:      spicycebolla_arrival_clurvy, layout_basic, serial_curves,
          eino_curves_04, eino_curves_04, minivault_5
D:2:      layout_basic, kennysheep_nondescript, minmay_misc_feat_cross,
          grunt_decor_clamped, kennysheep_another_room
D:3:      minmay_evil_eye, layout_rooms, hellmonk_ecumenical_altar_arch_garden,
          minmay_mini_jars

Skill      XL: |  1  2  3  4 |
---------------+-------------+-----
Translocations | 3 |  3.3
Armour         | 2 |  2.5
Shields        | 1 2 |  2.2
Fighting       | |  2.1
Axes           | |  2.8
Maces & Flails | |  0.2
Throwing       | |  1.0
Dodging        | |  1.7
Spellcasting   | |  2.1

Action                     |  1- 3 |  4- 6 || total
---------------------------+-------+-------++-------
  Melee: Hand axe          |    95 |     8 ||   103
         Whip              |       |    56 ||    56
 Armour: Leather armour    |    16 |       ||    16
         Ring mail         |    17 |     6 ||    23
         Scale mail        |       |    14 ||    14
  Dodge: Dodged            |    50 |    18 ||    68
  Block: Tower shield      |     2 |    62 ||    64
